 Dungeon Crawl Stone Soup version 0.29-a0-559-g359e09b9d1 (webtiles) character file.

Game seed: 5584563903747346103

6 Nedwor the Skirmisher (level 1, 18/18 HPs)
             Began as a Merfolk Fighter on June 10, 2022.
             Quit the game on level 1 of the Dungeon.
             The game lasted 00:00:33 (274 turns).

Nedwor the Skirmisher (Merfolk Fighter)              Turns: 274, Time: 00:00:33

Health: 18/18      AC:  6    Str: 16    XL:     1   Next: 90%
Magic:  1/1        EV:  8    Int:  7    God:
Gold:   41         SH:  4    Dex: 13    Spells: 0/0 levels left

rFire   . . .      SeeInvis .   a - +0 rapier
rCold   . . .      Faith    .   c - +0 buckler
rNeg    . . .      Spirit   .   b - +0 scale mail
rPois   .          Reflect  .   (no helmet)
rElec   .          Harm     .   (no cloak)
rCorr   .          Rampage  .   (no gloves)
Will    .....                   (no boots)
Stlth   ..........              (no amulet)
HPRegen 0.06/turn               (no ring)
MPRegen 0.07/turn               (no ring)

@: no status effects
A: (nimble swimmer 2), mertail
a: no special abilities


You were on level 1 of the Dungeon.
You visited 1 branch of the dungeon, and saw 1 of its levels.

You collected 41 gold pieces.

Inventory:

Hand Weapons
 a - a +0 rapier (weapon)
Armour
 b - a +0 scale mail (worn)
 c - a +0 buckler (worn)
Potions
 d - a potion of might


   Skills:
 + Level 3.4 Fighting
 * Level 2.8 Short Blades
 - Level 2.1 Armour
 + Level 3.1 Shields


You couldn't memorise any spells.
You didn't know any spells.
Your spell library was empty.

Dungeon Overview and Level Annotations

Branches:
Dungeon (1/15)

Altars:

Annotations:
D:1 1 runed translucent door


Innate Abilities, Weirdness & Mutations

((You are very nimble when in or above water. (Stealth+, EV+, Speed+++)))
Your lower body shifts to a powerful aquatic tail in water.


Message History

The kobold barely misses you.
A kobold is nearby!
You closely miss the kobold. The kobold hits you but does no damage.
A kobold is nearby!
You hit the kobold but do no damage. You block the kobold's attack.
You miss the kobold. The kobold completely misses you.
The kobold barely misses you.
You completely miss the kobold. You block the kobold's attack.
A kobold is nearby!
You hit the kobold.
The kobold is moderately wounded.
The kobold hits you but does no damage.
A kobold is nearby!
You hit the kobold.
The kobold is severely wounded.
You block the kobold's attack.
A kobold is nearby!
You hit the kobold.
You kill the kobold!
Things that are here:
a +0 short sword; 5 stones No target in view!
An endoplasm comes into view.
The endoplasm quivers.
An endoplasm is nearby!
An endoplasm is nearby!
The endoplasm freezes you.
You are frozen.
An endoplasm is nearby!
You hit the endoplasm.
The endoplasm is almost dead.
The endoplasm freezes you.
You are frozen.
You hit the endoplasm.
You kill the endoplasm!
You now have 41 gold pieces (gained 13).
A hobgoblin comes into view.
The hobgoblin shouts!
A hobgoblin is nearby!
Are you sure you want to abandon this character and quit the game? (Confirm with "yes".)

##################
#.................
#.################
#@# # #.# ########
#.# ........ #.#
######## #g# # #..
# ... # #.# # ##.
#


You could see a hobgoblin.

Vanquished Creatures
  An endoplasm (D:1)
  A goblin (D:1)
  A hobgoblin (D:1)
  A kobold (D:1)
  2 rats (D:1)
6 creatures vanquished.

Notes
Turn   | Place    | Note
-------+----------+-------------------------------------------
     0 | D:1      | Nedwor the Merfolk Fighter began the quest for the Orb.
     0 | D:1      | Reached XP level 1. HP: 18/18 MP: 1/1
     1 | D:1      | Found a runed translucent door.
   274 | D:1      | Quit the game

Illustrated notes

Levels and vault maps discovered:
D:1:      dpeg_arrival_caged_fury, layout_loops_ring,
          shapermc_ecumenical_altar_hornbeckon

Action                   || total
-------------------------++-------
Melee: Rapier            ||    18
Armor: Scale mail        ||     4
Dodge: Dodged            ||     7
Block: Buckler           ||     4

Table legend: (Time is in decaauts)
 A = Elapsed time spent in this place.
 B = Non-inter-level travel time spent in this place.
 C = Inter-level travel time spent in this place.
 D = Time resting spent in this place.
 E = Time spent auto-exploring this place.
 F = Levels seen in this place.
 G = Mean time per level.
                   A        B        C        D        E       F      G
               +--------+--------+--------+--------+--------+-----+--------+
         Total |    275 |    275 |      0 |      0 |    233 |   1 |  275.0 |
       Dungeon |    275 |    275 |      0 |      0 |    233 |   1 |  275.0 |
               +--------+--------+--------+--------+--------+-----+--------+

Top non-repeatable levels by time:
     D:1: 275 daAuts
